AoeStats
← Iseri玫瑰

Golden Pit

509491676Analyzed
1v1 RM · 4d ago on Sep 27, 2026· 48m 12s· 2 players
Game mode
Random Map
Map size
Tiny (2 player)
Population
200
Speed
Normal
Resources
Standard
Victory
Conquest
Starting age
Dark Age
Ending age
Imperial Age
RankedLock teamsTeams togetherTeam positionsShared explorationLock speedFull tech treeHidden civsTurbo modeCheats
Victory
Defeat
🇦🇷 Georgians · Argentina
684
+15
🇺🇸 Malay · United States
673
-15
neuPWR
8:26 Loom
27:34 Feudal Age
28:04 Wheelbarrow
29:56 Horse Collar
32:11 Fletching
33:02 Gold Mining
46:22 Castle Age
Iseri玫瑰
8:08 Loom
12:40 Feudal Age
13:09 Man-at-Arms
17:10 Scale Mail Armor
20:52 Wheelbarrow
25:04 Castle Age
22:59 Double-Bit Axe
23:16 Horse Collar
24:08 Gold Mining
25:34 Light Cavalry
27:06 Forging
27:27 Bloodlines
27:40 Bow Saw
31:07 Hand Cart
31:28 Fervor
32:01 Stone Mining
32:53 Sanctity
32:41 Husbandry
32:34 Town Watch
33:23 Heavy Plow
35:07 Stone Shaft Mining
35:19 Fletching
35:56 Bodkin Arrow
36:07 Scale Barding Armor
38:37 Imperial Age
36:32 Redemption
36:37 Svan Towers
38:06 Ballistics
37:29 Treadmill Crane
37:40 Guard Tower
38:54 Murder Holes
39:10 Masonry
39:44 Conscription
39:29 Bracer
40:02 Crop Rotation
42:28 Keep
42:54 Chemistry
42:25 Architecture
41:41 Arrowslits
42:02 Siege Engineers
42:35 Chain Barding Armor
43:45 Iron Casting
44:53 Spies/Treason
Connection lost

Rejoining the realm…

Still unreachable

The connection could not be restored.

Session expired

The server has moved on; the page needs a fresh start.